 Dungeon Sprint DCSS version 0.28-a0-1435-g82390b3a13 (webtiles) character file.

Game seed: 14640334528658197910

1 mhtbhm the Skirmisher (level 1, 19/19 HPs)
             Began as a Draconian Berserker on Jan 9, 2022.
             Was a Follower of Trog.
             Quit the game in the Dungeon (Sprint VII: "The Pits").
             The game lasted 00:00:06 (19 turns).

mhtbhm the Skirmisher (Draconian Berserker)           Turns: 19, Time: 00:00:07

Health: 19/19      AC:  4    Str: 19    XL:     1   Next: 16%
Magic:  1/1        EV: 12    Int:  7    God:    Trog [*.....]
Gold:   0          SH:  0    Dex: 10    Spells: 0/0 levels left

rFire   . . .      SeeInvis .   a - +0 falchion
rCold   . . .      Faith    .   (no shield)
rNeg    . . .      Spirit   .   (armour unavailable)
rPois   .          Reflect  .   (helmet restricted)
rElec   .          Harm     .   (no cloak)
rCorr   .          Rampage  .   (no gloves)
Will    .....      NoTele   +   (no boots)
Stlth   +.........              (no amulet)
HPRegen 0.06/turn               (no ring)
MPRegen 0.07/turn               (no ring)

@: no status effects
A: AC +4, unfitting armour, cold-blooded
a: Renounce Religion, Berserk


You were in the Dungeon.
You worshipped Trog.
Trog was aware of your devotion.
You visited 1 branch

Inventory:

Hand Weapons
 a - a +0 falchion (weapon)
Scrolls
 g - a scroll of blinking
Potions
 b - a potion of curing
 c - a potion of heal wounds
 d - a potion of haste
 e - 2 potions of magic
 f - a potion of berserk rage


   Skills:
 + Level 3.6 Fighting
 + Level 3.2 Long Blades
 + Level 2.9 Dodging


You couldn't memorise any spells.
You didn't know any spells.
Your spell library was empty.

Dungeon Overview and Level Annotations

Branches:
Dungeon (1/1)

Altars:


Innate Abilities, Weirdness & Mutations

Your plain brown scales are hard. (AC +4)
You cannot fit into any form of body armour.
You are cold-blooded and may be slowed by cold attacks.


Message History

Welcome, mhtbhm the Draconian Berserker.
Trog says: Kill them all!
Press ? for a list of commands and other information.
Found a staircase leading out of the dungeon.
Unknown command.
Unknown command.
You open the door.
There is an open door to the Entrance Hall (Safe) here.
No target in view!
No target in view!
No target in view!
No target in view!
No target in view!
You open the door.
A giant cockroach comes into view.
The giant cockroach bites you but does no damage.
There is an open door to the Storerooms (Easy) here.
You barely miss the giant cockroach.
Your tail-slap misses the giant cockroach.
The giant cockroach barely misses you.
You slash the giant cockroach!
You kill the giant cockroach!
Trog accepts your kill.
You see here a giant cockroach corpse.
Are you sure you want to abandon this character and quit the game? (Confirm with "yes".)

##########++
#+##...........
+.##......#..#.
#########.##...........
.......@..†'...........
+#####+#####......#..#.
#...........
####'#####++ #.......#
#.......# #.......#
#...<...# #.......#


There were no monsters in sight!

Vanquished Creatures
  A giant cockroach (D)
1 creature vanquished.

Notes
Turn   | Place    | Note
-------+----------+-------------------------------------------
     0 | D        | mhtbhm the Draconian Berserker began the quest for the Orb.
     0 | D        | Reached XP level 1. HP: 19/19 MP: 1/1
    19 | D        | Quit the game

Illustrated notes

Levels and vault maps discovered:
D:        pitsprint [storerooms_1, entrance_room_1, metal_vault_3, armoury_2,
          mini_pit_1, grid_room_1, main_hall_1, silver_pit, the_coven_3,
          the_vestibule_1, steel_vault_1, golden_pit, hallway_of_sentries,
          crystal_vault_2, iron_vault_2, final_vault]

Action                   || total
-------------------------++-------
Melee: Falchion          ||     2
Armor: Skin              ||     1
Dodge: Dodged            ||     1

Table legend: (Time is in decaauts)
 A = Elapsed time spent in this place.
 B = Non-inter-level travel time spent in this place.
 C = Inter-level travel time spent in this place.
 D = Time resting spent in this place.
 E = Time spent auto-exploring this place.
 F = Levels seen in this place.
 G = Mean time per level.
                   A        B        C        D        E       F      G
               +--------+--------+--------+--------+--------+-----+--------+
         Total |     19 |     19 |      0 |      0 |      0 |   1 |   19.0 |
       Dungeon |     19 |     19 |      0 |      0 |      0 |   1 |   19.0 |
               +--------+--------+--------+--------+--------+-----+--------+

Top non-repeatable levels by time:
       D: 19 daAuts
